 Dungeon Crawl Stone Soup version 0.32-a0-898-g7811c86cf0 (webtiles) character file.

Game seed: 5072855595208307343

122837 HilariousDeathArtist the Fetichist (level 16, -7/134 HPs)
             Began as a Coglin Berserker on Apr 4, 2024.
             Was the Champion of Trog.
             Mangled by an alligator (14 damage)
             ... on level 1 of the Swamp.
             The game lasted 00:36:42 (21776 turns).

HilariousDeathArtist the Fetichist (CoBe)          Turns: 21776, Time: 00:36:42

Health: -7/134     AC: 21    Str: 22    XL:     16   Next: 88%
Magic:  0/21       EV: 20    Int: 10    God:    Trog [******]
Gold:   813        SH:  0    Dex: 20    Spells: 15/15 levels left

rFire   . . .        F - +8 hand axe "Huubla" {flame, rC+ Str+3 Int+3}
rCold   + . .        b - +0 broad axe (venom) {Chun}
rNeg    . . .        h - +5 moon troll leather armour {Spirit, Regen++ MP+5}
rPois   .            L - +2 hat
rElec   .            n - +2 cloak
rCorr   .            (no gloves)
SInv    .            i - +0 pair of boots
Will    ++++.        (amulet unavailable)
Stlth   +            (ring unavailable)
HPRegen 3.02/turn    (ring unavailable)
MPRegen 0.17/turn    t - gyrocore LR-80 {RevParry, Will+ Slay+3}

%: guardian spirit
@: strong-willed, regenerating, revved
A: off-hand wielding, slow wielding, warmup strikes, no jewellery
a: Renounce Religion, Berserk, Trog's Hand, Brothers in Arms


You were on level 1 of the Swamp.
You worshipped Trog.
Trog was exalted by your worship.
You visited 5 branches of the dungeon, and saw 24 of its levels.
You also visited: Bailey.

You collected 4752 gold pieces.
You spent 3939 gold pieces at shops.

Inventory:

Hand Weapons
 a - a +0 broad axe of flaming {Gaius}
   (You took it off a vault guard in a bailey)
 b - a +0 broad axe of venom (offhand) {Chun}
   (You took it off a vault guard in a bailey)
 F - the +8 hand axe "Huubla" (weapon) {flame, rC+ Str+3 Int+3}
   (You found it on level 12 of the Dungeon)

   Str+3:     It affects your strength (+3).
   Int+3:     It affects your intelligence (+3).
   rC+:       It protects you from cold.
Missiles
 u - 4 throwing nets {!d}
Armour
 h - the +5 moon troll leather armour (worn) {Spirit, Regen++ MP+5}
   (You bought it in a shop on level 2 of the Dungeon)

   MP+5:      It affects your magic capacity (+5).
   Regen++:   It increases your rate of health regeneration.
 i - a +0 pair of boots (worn)
   (You found it on level 2 of the Dungeon)
 n - a +2 cloak (worn)
   (You took it off Crazy Yiuf on level 3 of the Dungeon)
 p - a scarf of repulsion
   (You bought it in a shop on level 2 of the Dungeon)
 x - a +0 helmet
   (You found it on level 11 of the Dungeon)
 L - a +2 hat (worn)
   (You took it off Gastronok on level 2 of the Lair of Beasts)
Gizmo
 t - a gyrocore LR-80 (installed) {RevParry, Will+ Slay+3}
   (You invented it yourself on level 2 of the Lair of Beasts)

   [gyrocore LR-80]

   RevParry:  Your AC increases as you Rev (up to +5) and while fully Revved,
   your attacks may disarm enemies.
   Slay+3:    It affects your accuracy & damage with ranged weapons and melee
   (+3).
   Will+:     It increases your willpower.
Wands
 d - a wand of digging (8)
   (You found it on level 5 of the Lair of Beasts)
 e - a wand of charming (6)
   (You found it on level 12 of the Dungeon)
 j - a wand of polymorph (2)
   (You found it on level 12 of the Dungeon)
 r - a wand of warping (20)
   (You found it on level 4 of the Dungeon)
 y - a wand of mindburst (10)
   (You found it on level 14 of the Dungeon)
 W - a wand of quicksilver (1)
   (You found it on level 5 of the Lair of Beasts)
Scrolls
 c - 2 scrolls of revelation
 f - 4 scrolls of enchant weapon
 D - 3 scrolls of blinking {!r}
 E - a scroll of fear
 K - 3 scrolls of immolation {!r}
 O - a scroll of silence
 S - 11 scrolls of identify {@r1}
 T - 4 scrolls of fog
 U - a scroll of enchant armour
 Y - 13 scrolls of teleportation {@r3}
Potions
 k - a potion of magic
 o - 3 potions of cancellation
 G - 4 potions of enlightenment
 H - 2 potions of haste
 I - 3 potions of invisibility
 J - 6 potions of curing {@q1}
 M - 4 potions of might
 N - 8 potions of heal wounds {@q2}
 P - 3 potions of lignification {!q}
 Q - 2 potions of attraction {!q}
 R - 3 potions of resistance
Miscellaneous
 l - a condenser vane
   (You bought it in a shop on level 8 of the Dungeon)
 m - a phantom mirror
   (You found it on level 2 of the Lair of Beasts)
 v - a lightning rod (4/4)
   (You found it on level 10 of the Dungeon)
 w - a phial of floods
   (You found it on level 11 of the Dungeon)
 z - a sack of spiders
   (You bought it in a shop on level 8 of the Dungeon)


   Skills:
 + Level 14.5 Fighting
 + Level 14.5 Axes
 + Level 11.2 Armour
 + Level 13.2 Dodging
 + Level 17.2 Evocations


You had 15 spell levels left.
You didn't know any spells.
Your spell library was empty.

Dungeon Overview and Level Annotations

Branches:
Dungeon (15/15)            Temple (0/1) D:7            Lair (5/5) D:10
  Swamp (1/4) Lair:2       Spider (1/4) Lair:3        Slime (0/5) Lair:5
    Orc (2/2) D:9             Elf (0/3) Orc:2        Vaults (0/5) D:13
 Depths (0/4) D:15         Bailey (visited)

Altars:
Gozag
Makhleb
Okawaru
Sif Muna
Uskayaw
Wu Jian
Xom
Zin
The Shining One
Beogh
Jiyva

Shops:
D:2 [   D:8 ?*   Orc:2 =**(

Annotations:
D:11 3 runed translucent doors, Vadun's ghost, journeyman DjFE


Innate Abilities, Weirdness & Mutations

You can wield a second weapon in your off-hand.
It takes a long time for you to wield or remove held weapons.
Your first few attacks do less damage.
You cannot equip rings or amulets.


Message History

You feel strong-willed.
A will-o-the-wisp comes into view.
The spriggan rider hits you with a +0 spear!
The alligator tail-slaps you but does no damage.
The alligator bites you but does no damage.
You take 8 damage, and have 55/134 hp.
You now have 6/21 mp.
The will-o-the-wisp gives a chilling moan.
You slash the spriggan rider with your +0 broad axe of venom!
The spriggan rider is poisoned.
You hit the bunyip but do no damage. You hit the alligator but do no damage.
The alligator looks as sick as possible!
You hit the spriggan rider with the +8 hand axe "Huubla".
You burn the spriggan rider.
You slash the bunyip with the +8 hand axe "Huubla"!
You burn the bunyip.
You hit the alligator with the +8 hand axe "Huubla".
You burn the alligator.
You kill the spriggan!
Trog accepts your kill.
The will-o-the-wisp gestures.
The will-o-the-wisp conjures some marshlight!
The alligator barely misses you. The alligator closely misses you.
The bunyip closely misses you. x2; The bunyip claws you!!
* * * LOW HITPOINT WARNING * * *
2 foxfires come into view.
You take 23 damage, and have 32/134 hp.
You now have 4/21 mp.
Unknown command.
You slash the alligator with the +8 hand axe "Huubla"!
You burn the alligator.
You kill the alligator!
Trog accepts your kill.
You hit the bunyip with the +8 hand axe "Huubla".
You burn the bunyip.
You slash the swamp drake with the +8 hand axe "Huubla"!
You burn the swamp drake.
You closely miss the hornet with the +8 hand axe "Huubla".
You barely miss the hornet with your +0 broad axe of venom.
You hit the bunyip but do no damage.
You barely miss the swamp drake with your +0 broad axe of venom.
The swamp drake completely misses you. The hornet misses you.
You regained 3 hp, and now have 35/134 hp.
Okay, then.
You don't know any spells.
Okay, then.
The foxfire hits you!
* * * LOW HITPOINT WARNING * * *
You see here a +0 flail.
You take 9 damage, and have 26/134 hp.
You now have 3/21 mp.
Press: ? - help, Shift-Dir - straight line, f - alligator
Aim: an alligator (chance to affect: 66%)
The alligator struggles to resist.
You kill the hornet!
Trog accepts your kill.
The alligator tail-slaps you but does no damage.
The alligator bites you.
* * * LOW HITPOINT WARNING * * *
The alligator drags you backwards! The swamp drake closely misses you.
You regained 2 hp, and now have 28/134 hp.
You hit the bunyip but do no damage. You hit the alligator but do no damage.
The alligator is poisoned.
You closely miss the swamp drake with your +0 broad axe of venom.
You slice the bunyip with the +8 hand axe "Huubla"!!
You burn the bunyip.
You kill the bunyip!
Trog accepts your kill.
You slash the swamp drake with the +8 hand axe "Huubla"!
You burn the swamp drake.
You slash the alligator with the +8 hand axe "Huubla"!
You burn the alligator. The alligator barely misses you.
The alligator misses you.
You regained 2 hp, and now have 30/134 hp.
You slash the swamp drake with the +8 hand axe "Huubla"!
You burn the swamp drake.
You slash the alligator with the +8 hand axe "Huubla"!
You burn the alligator.
You slash the swamp drake with your +0 broad axe of venom!
You kill the swamp drake!
Trog accepts your kill.
You completely miss the alligator with your +0 broad axe of venom.
The alligator misses you. The alligator closely misses you.
You regained 2 hp, and now have 32/134 hp.
Press: ? - help, Shift-Dir - straight line, f/p - alligator
Aim: an alligator (moderately wounded, very poisoned, chance to affect: 66%)
The alligator struggles to resist.
The alligator misses you. x2
The will-o-the-wisp gestures.
The will-o-the-wisp conjures some marshlight! 2 foxfires come into view.
You regained 3 hp, and now have 35/134 hp.
Press: ? - help, Shift-Dir - straight line, f/p - alligator
Aim: an alligator (heavily wounded, very poisoned, chance to affect: 66%)
The alligator struggles to resist.
The foxfire hits you!
* * * LOW HITPOINT WARNING * * *
The alligator tail-slaps you but does no damage.
The alligator bites you. The alligator drags you backwards!
The foxfire hits you!!
* * * LOW HITPOINT WARNING * * *
The will-o-the-wisp gestures.
The will-o-the-wisp conjures some marshlight!
The alligator completely misses you. The alligator bites you!
You die...

♣.~~~~~~.♣♣~~.
~~~~~~~.♣.~~..
..~~~~.~.~~...~
♣♣.~~..?.....§..
♣.(....§v§~~~~~~ ~~~♣
♣...♣~.~§v~~~§~~ ....♣
♣♣..~l.§§.v~~~~~
~...♣♣♣.~~~@§§..§~..~~
..~....~§~.§...~~§.~~
♣.~~~~~~~).$...~~~§~
♣.~§~~~~~~..♣..~~~~~
♣~.~~~~~~♣♣♣♣..§~~~.
♣♣..<~†~~~♣ ♣.....~
♣....~~~.♣ ♣~♣~..
♣~)[)~~~.♣ ♣♣ ♣♣
♣.~.♣.~~♣♣


You could see an alligator (very poisoned) and a will-o-the-wisp.

Vanquished Creatures
  Rupert (Lair:5)
  Gastronok (Lair:2)
  An orc warlord (Orc:2)
  An ironbound thunderhulk (D:13)
  2 bunyips (Swamp:1)
  An entropy weaver (shapeshifter) (D:15)
  A fire dragon (Lair:5)
  Fannar (D:11)
  3 vault guards
  2 ghost crabs (Lair:2)
  2 ogre magi (Orc:2)
  3 alligators
  8 hydras
  Erica (D:9)
  11 two-headed ogres
  3 boulder beetles
  5 centaur warriors
  11 death yaks
  A hell hog (Lair:5)
  2 skysharks
  Urug (D:12)
  4 spriggans (Swamp:1)
  Lodul (D:11)
  2 goliath frogs (Swamp:1)
  10 skeletal warriors (D:13)
  2 deep trolls (Orc:2)
  A sea snake (shapeshifter) (D:15)
  An arcanist (D:13)
  A swamp dragon (Lair:5)
  A bog body (Swamp:1)
  A wolf spider (D:15)
  3 orc knights
  6 ugly things (D:14)
  2 deep elf pyromancers
  3 orc sorcerers
  An oklob plant (Lair:4)
  A will-o-the-wisp (Swamp:1)
  A salamander (D:15)
  Maurice (D:9)
  3 manticores
  7 cyclopes
  A kobold blastminer (Orc:1)
  Joseph (Lair:1)
  4 black mambas
  5 elephants (Lair:4)
  3 centaur zombies (D:7)
  Jeremiah (Lair:1)
  20 cane toads
  A centaur skeleton (D:7)
  2 gargoyles
  10 komodo dragons
  An unseen horror (D:12)
  An unseen horror (shapeshifter) (D:13)
  6 rime drakes
  2 yaktaurs
  A yaktaur (shapeshifter) (D:15)
  An efreet (D:11)
  A freezing wraith (D:10)
  A spectral skyshark (Lair:2)
  14 trolls
  A queen bee (D:15)
  A hornet (shapeshifter) (D:10)
  Prince Ribbit (Bailey)
  A hellwing (D:7)
  12 polar bears
  5 hornets
  2 jumping spiders (Lair:3)
  7 blink frogs
  2 tyrant leeches (Swamp:1)
  7 dream sheep (Lair:4)
  2 raiju (Lair:5)
  A meliai zombie (D:7)
  2 culicivoras (Lair:3)
  16 slime creatures
  5 shadows
  A centaur simulacrum (D:14)
  2 vampires
  5 basilisks
  3 wyverns
  52 yaks
  9 humans
  5 vampire mosquitoes
  8 wargs
  A redback (Lair:3)
  5 steam dragons
  A naga (shapeshifter) (D:14)
  An acid dragon (Lair:5)
  22 water moccasins
  12 hell hounds (Lair:5)
  A spectral yak (Lair:2)
  3 ice beasts
  3 sky beasts (D:9)
  14 black bears
  21 orc warriors
  2 swamp drakes
  25 wolves
  9 centaurs
  26 ogres
  A phantom (D:7)
  2 kobold brigands (D:8)
  A spectral wyvern (Lair:2)
  19 bullfrogs
  2 gnoll sergeants
  3 scorpions
  14 killer bees (D:10)
  2 electric eels
  3 howler monkeys
  A bombardier beetle (D:5)
  3 hounds
  10 jellies
  Crazy Yiuf (D:3)
  16 orc priests
  Natasha (thrice) (D:2)
  6 iguanas
  24 orc wizards
  3 hell rats (D:10)
  20 gnolls
  11 adders
  2 river rats (D:10)
  6 shadow imps
  A white imp (D:6)
  11 dart slugs
  2 ribbon worms
  83 orcs
  20 endoplasms
  5 giant cockroaches
  13 goblins
  14 hobgoblins
  4 jackals (D:3)
  3 quokkas (D:2)
  8 ball pythons
  5 bats
  3 frilled lizards
  12 kobolds
  3 rats
826 creatures vanquished.

Vanquished Creatures (others)
  A bloated husk (Swamp:1)
  4 foxfires (Swamp:1)
5 creatures vanquished.

Grand Total: 831 creatures vanquished

Notes
Turn   | Place    | Note
-------+----------+-------------------------------------------
     0 | D:1      | HilariousDeathArtist the Coglin Berserker began the quest
                  | for the Orb.
     0 | D:1      | Reached XP level 1. HP: 18/18 MP: 1/1
   229 | D:1      | Reached skill level 2 in Dodging
   255 | D:1      | Reached XP level 2. HP: 18/24 MP: 2/2
   748 | D:1      | Reached ** piety under Trog
   991 | D:2      | Reached XP level 3. HP: 25/29 MP: 3/3
  1225 | D:2      | Found Muasur's Antique Armour Emporium.
  1268 | D:2      | Noticed Natasha
  1279 | D:2      | Killed Natasha
  1280 | D:2      | Reached XP level 4. HP: 19/37 MP: 4/4
  1494 | D:2      | Noticed Natasha
  1498 | D:2      | Reached skill level 4 in Fighting
  1498 | D:2      | Killed Natasha
  1499 | D:2      | Reached skill level 4 in Axes
  1499 | D:2      | Reached skill level 3 in Dodging
  1499 | D:2      | Reached XP level 5. HP: 42/42 MP: 5/5
  1540 | D:2      | Noticed Natasha
  1547 | D:2      | Killed Natasha
  1702 | D:3      | Found a runed translucent door.
  1703 | D:3      | Noticed Crazy Yiuf
  1779 | D:3      | Found a burning altar of Makhleb.
  2020 | D:3      | Reached *** piety under Trog
  2021 | D:3      | Reached XP level 6. HP: 32/49 MP: 6/6
  2488 | D:3      | Killed Crazy Yiuf
  2604 | D:4      | Found an iron altar of Okawaru.
  2666 | D:4      | Reached skill level 5 in Fighting
  2671 | D:4      | Reached skill level 5 in Axes
  2671 | D:4      | Reached skill level 4 in Dodging
  2737 | D:4      | Reached XP level 7. HP: 56/56 MP: 7/7
  2906 | D:4      | Identified the +1 war axe "Rifucziz" {venom, *Slow rPois
                  | Int+5}
  3021 | D:4      | Found a shimmering blue altar of Sif Muna.
  3315 | D:5      | Entered Level 5 of the Dungeon
  3340 | D:5      | Reached skill level 1 in Evocations
  3490 | D:5      | Found a hide-covered altar of Uskayaw.
  3490 | D:5      | Noticed a +0 dagger
  3490 | D:5      | Noticed a +0 dagger
  3552 | D:5      | Reached skill level 2 in Evocations
  3832 | D:5      | Reached XP level 8. HP: 64/64 MP: 8/8
  3891 | D:5      | Reached skill level 3 in Evocations
  4159 | D:6      | Reached skill level 6 in Fighting
  4159 | D:6      | Reached skill level 6 in Axes
  4159 | D:6      | Reached skill level 5 in Dodging
  4244 | D:6      | Reached **** piety under Trog
  4253 | D:6      | Reached skill level 4 in Evocations
  4299 | D:6      | Noticed a troll
  4305 | D:6      | HP: 9/64 [troll (11)]
  4306 | D:6      | Killed a troll
  4577 | D:6      | Reached skill level 5 in Evocations
  4582 | D:6      | Reached XP level 9. HP: 58/71 MP: 9/9
  4923 | D:6      | Found an opulent altar of Gozag.
  4983 | D:6      | Reached skill level 7 in Fighting
  4983 | D:6      | Reached skill level 7 in Axes
  4983 | D:6      | Reached skill level 6 in Dodging
  5282 | D:7      | Reached skill level 6 in Evocations
  5406 | D:7      | Found a staircase to the Ecumenical Temple.
  5520 | D:7      | Found a flagged portal.
  5571 | Bailey   | Entered a bailey
  5599 | Bailey   | Reached skill level 7 in Evocations
  5616 | Bailey   | Reached XP level 10. HP: 76/80 MP: 10/10
  5660 | Bailey   | Reached skill level 8 in Fighting
  5660 | Bailey   | Reached skill level 8 in Axes
  5660 | Bailey   | Reached skill level 7 in Dodging
  5736 | Bailey   | Noticed Prince Ribbit
  5736 | Bailey   | Noticed a vault guard
  5747 | Bailey   | Killed Prince Ribbit
  5751 | Bailey   | Killed a vault guard
  5752 | Bailey   | Reached skill level 8 in Evocations
  5762 | Bailey   | Noticed a vault guard
  5767 | Bailey   | HP: 29/121 [vault guard/+0 broad axe (15)]
  5770 | Bailey   | Killed a vault guard
  6017 | D:7      | Identified 2 scrolls of acquirement
  6017 | D:7      | Acquired 782 gold pieces
  6021 | D:7      | Acquired 672 gold pieces
  6147 | D:2      | Bought the +5 moon troll leather armour {Spirit, Regen++
                  | MP+5} for 1130 gold pieces
  6147 | D:2      | Found the +5 moon troll leather armour {Spirit, Regen++
                  | MP+5}
  6147 | D:2      | Bought an embroidered scarf for 152 gold pieces
  6349 | D:7      | Reached skill level 2 in Armour
  6354 | D:7      | Reached skill level 9 in Evocations
  6355 | D:7      | Reached skill level 9 in Fighting
  6355 | D:7      | Reached skill level 9 in Axes
  6355 | D:7      | Reached XP level 11. HP: 89/89 MP: 10/11
  6356 | D:7      | Reached skill level 3 in Armour
  6877 | D:8      | Reached skill level 8 in Dodging
  6960 | D:8      | Found Esiviuv's Assorted Antiques.
  6964 | D:8      | Bought a bubbling coppery potion for 18 gold pieces
  6964 | D:8      | Bought 2 gluggy clear potions for 37 gold pieces
  6964 | D:8      | Bought a fizzy coppery potion for 18 gold pieces
  7400 | D:8      | Found Wettat's Magic Scroll Boutique.
  7461 | D:8      | Bought a scroll of vulnerability for 56 gold pieces
  7461 | D:8      | Bought a scroll of immolation for 56 gold pieces
  7461 | D:8      | Bought a scroll of blinking for 105 gold pieces
  7461 | D:8      | Bought a scroll of blinking for 105 gold pieces
  7461 | D:8      | Bought 3 scrolls of teleportation for 126 gold pieces
  7755 | D:9      | Noticed Maurice
  7763 | D:9      | Killed Maurice
  7764 | D:9      | Reached skill level 10 in Evocations
  7804 | D:9      | Reached skill level 4 in Armour
  7804 | D:9      | HP: 13/89 [steam dragon/ball of steam (12)]
  8004 | D:9      | Found a staircase to the Orcish Mines.
  8184 | D:9      | Reached ***** piety under Trog
  8221 | D:9      | Noticed Erica
  8227 | D:10     | Entered Level 10 of the Dungeon
  8228 | D:10     | Found a staircase to the Lair.
  8403 | D:10     | Noticed a cyclops
  8404 | D:10     | Noticed a centaur warrior
  8408 | D:10     | Killed a centaur warrior
  8410 | D:10     | Killed a cyclops
  8423 | D:10     | Reached skill level 10 in Fighting
  8439 | D:10     | Found the +9 sword of Power {lifebolt}
  8442 | D:10     | Noticed an orc knight
  8444 | D:10     | Reached XP level 12. HP: 54/97 MP: 8/12
  8551 | D:10     | Reached skill level 10 in Axes
  8554 | D:10     | Reached skill level 5 in Armour
  8568 | D:10     | Reached skill level 11 in Evocations
  8630 | D:10     | Reached skill level 9 in Dodging
  9084 | D:10     | Found a glowing golden altar of the Shining One.
  9163 | D:10     | Found a shimmering altar of Xom.
  9221 | D:11     | Found a runed translucent gate.
  9229 | D:11     | Found a runed translucent gate.
  9254 | D:11     | Found a runed translucent gate.
  9312 | D:11     | Found an opulent altar of Gozag.
  9313 | D:11     | Noticed Vadun's ghost (journeyman DjFE)
  9438 | D:11     | Noticed a centaur warrior
  9445 | D:11     | Killed a centaur warrior
  9445 | D:11     | Received a gift from Trog
  9629 | D:11     | Noticed Fannar
  9709 | D:11     | Noticed Lodul
  9720 | D:11     | Reached skill level 6 in Armour
  9725 | D:11     | Killed Lodul
  9886 | D:11     | Killed Fannar
  9887 | D:11     | Reached skill level 12 in Evocations
 10274 | D:11     | Noticed a centaur warrior
 10278 | D:11     | Killed a centaur warrior
 10518 | D:12     | Noticed a two-headed ogre
 10526 | D:12     | Killed a two-headed ogre
 10527 | D:12     | Reached skill level 11 in Fighting
 10527 | D:12     | Reached XP level 13. HP: 87/106 MP: 12/13
 10713 | D:12     | Reached skill level 11 in Axes
 10826 | D:12     | Identified the +8 hand axe "Huubla" {flame, rC+ Str+3
                  | Int+3}
 10925 | D:12     | Reached skill level 10 in Dodging
 11087 | D:12     | Received a gift from Trog
 11093 | D:12     | Reached skill level 7 in Armour
 11198 | D:12     | Noticed Urug
 11209 | D:12     | Killed Urug
 11510 | Lair:1   | Entered Level 1 of the Lair of Beasts
 11516 | Lair:1   | Noticed Joseph
 11535 | Lair:1   | Killed Joseph
 11693 | Lair:1   | Noticed Jeremiah
 11707 | Lair:1   | Reached skill level 13 in Evocations
 11728 | Lair:1   | Killed Jeremiah
 12554 | Lair:2   | Noticed Gastronok
 12582 | Lair:2   | Killed Gastronok
 13296 | Lair:2   | Found a staircase to the Swamp.
 13481 | Lair:2   | Reached XP level 14. HP: 114/114 MP: 14/14
 13490 | Lair:2   | Reached ****** piety under Trog
 13500 | Lair:2   | Acquired a gyrocore LR-80 {RevParry, Will+ Slay+3}
 13620 | Lair:3   | Reached skill level 12 in Fighting
 13644 | Lair:3   | Reached skill level 12 in Axes
 13644 | Lair:3   | Reached skill level 8 in Armour
 13672 | Lair:3   | Found a hole to the Spider Nest.
 13896 | Lair:3   | Identified the +5 buckler of Tiroevim {rPois rF- rN+ Str+4}
 13982 | Lair:3   | Reached skill level 14 in Evocations
 14390 | Lair:3   | Reached skill level 11 in Dodging
 14423 | Lair:3   | Received a gift from Trog
 15237 | Lair:5   | Entered Level 5 of the Lair of Beasts
 15240 | Lair:5   | Noticed Rupert
 15333 | Lair:5   | Found a staircase to the Slime Pits.
 15334 | Lair:5   | Found a viscous altar of Jiyva.
 15343 | Lair:5   | Reached skill level 9 in Armour
 15356 | Lair:5   | Reached skill level 15 in Evocations
 15416 | Lair:5   | Reached XP level 15. HP: 109/122 MP: 15/15
 15552 | Lair:5   | Received a gift from Trog
 15553 | Lair:5   | Reached skill level 13 in Fighting
 15555 | Lair:5   | Reached skill level 13 in Axes
 15849 | Lair:5   | Reached skill level 12 in Dodging
 16013 | Lair:5   | Received a gift from Trog
 16754 | Lair:5   | Killed Rupert
 16938 | D:9      | Killed Erica
 16992 | D:9      | Found a glowing silver altar of Zin.
 17304 | Orc:1    | Entered Level 1 of the Orcish Mines
 17528 | Orc:2    | Entered Level 2 of the Orcish Mines
 17681 | Orc:1    | Found a roughly hewn altar of Beogh.
 17839 | Orc:2    | Found Ruplud's General Store.
 17839 | Orc:2    | Found Natzycill's Weapon Boutique.
 17839 | Orc:2    | Found Ykuen's Jewellery Boutique.
 17839 | Orc:2    | Found Hited's General Store.
 17853 | Orc:2    | Identified the +7 war axe "Xasmioff" {antimagic, ^Contam
                  | Will+ Dex+3} (Trog gifted it to you on level 2 of the
                  | Orcish Mines)
 17853 | Orc:2    | Received a gift from Trog
 17854 | Orc:2    | Reached skill level 10 in Armour
 17941 | Orc:2    | Reached skill level 16 in Evocations
 18018 | Orc:2    | Bought a wand of warping (7) for 218 gold pieces
 18018 | Orc:2    | Bought a scroll of teleportation for 39 gold pieces
 18018 | Orc:2    | Bought a scroll of immolation for 52 gold pieces
 18034 | Orc:2    | Reached XP level 16. HP: 124/132 MP: 16/16
 18037 | Orc:2    | Received a gift from Trog
 18423 | Orc:2    | Found a staircase to the Elven Halls.
 19052 | D:14     | Found a roughly hewn altar of Beogh.
 19139 | D:13     | Reached skill level 14 in Fighting
 19148 | D:13     | Reached skill level 14 in Axes
 19706 | D:13     | Found a gate to the Vaults.
 20308 | D:14     | Found a shimmering blue altar of Sif Muna.
 20407 | D:15     | Entered Level 15 of the Dungeon
 20437 | D:15     | Received a gift from Trog
 20519 | D:15     | Noticed Nessos
 20534 | D:15     | Nessos changed into Nessos the queen bee
 20534 | D:15     | Noticed Nessos
 20536 | D:15     | Killed Nessos the queen bee
 20612 | D:15     | Found an ornate altar of the Wu Jian Council.
 20844 | D:15     | Found a staircase to the Depths.
 20850 | D:15     | Reached skill level 13 in Dodging
 21008 | D:15     | Reached skill level 11 in Armour
 21012 | D:15     | Reached skill level 17 in Evocations
 21389 | D:8      | Bought a condenser vane for 840 gold pieces
 21389 | D:8      | Bought a scroll of fog for 84 gold pieces
 21389 | D:8      | Bought a sack of spiders for 840 gold pieces
 21389 | D:8      | Bought a scroll of teleportation for 63 gold pieces
 21508 | Spider:1 | Entered Level 1 of the Spider Nest
 21589 | Swamp:1  | Entered Level 1 of the Swamp
 21602 | Swamp:1  | HP: 48/201 [goliath frog (6)]
 21769 | Swamp:1  | HP: 32/134 [bunyip (25)]
 21776 | Swamp:1  | HP: 27/134 [will-o-the-wisp/foxfire (11)]
 21776 | Swamp:1  | HP: 7/134 [will-o-the-wisp/foxfire (20)]
 21776 | Swamp:1  | Mangled by an alligator

Illustrated notes

Levels and vault maps discovered:
D:1:      roderic_crop_circles_arrival_small, layout_loops_corners,
          minmay_misc_feat_tiny, minmay_misc_feat_enclosed, minmay_door_square
D:2:      layout_rooms, serial_shops, nicolae_shop_overgrown_old_shop,
          uniq_natasha
D:3:      kennysheep_slugbush, layout_loops_ring,
          mainiacjoe_overflow_concentric_impassable, uniq_crazy_yiuf_cottage
D:4:      layout_gridville, mainiacjoe_overflow_24_doors,
          mainiacjoe_overflow_cross_hatched, fountainhead,
          guppyfry_early_lair_pool
D:5:      layout_loops_ring, dancing_weapons_uskayaw,
          nicolae_twisty_statue_hallways
D:6:      corexii_shack_village, layout_basic, grunt_gozag_statues
D:7:      cheibrodos_grave_circle, layout_loops_ring,
          minmay_temple_entry_statues_fountains, enter_bailey_2,
          kennysheep_generic_room_3
D:8:      layout_cave_pods, serial_shops, nicolae_shop_crystal,
          nicolae_shop_hallway_stairs, kennysheep_generic_room_9
D:9:      layout_loops_cross, mainiacjoe_overflow_surrounded_room,
          hangedman_misty_isle, uniq_erica, uniq_maurice
D:10:     minmay_cut_squares, layout_small_grid, nicolae_tso_carved_into_rock,
          kennysheep_mini_moat, dpeg_lair_monsters
D:11:     minmay_tri_box, layout_gridville, ebering_ghost_gozag, uniq_lodul,
          uniq_fannar
D:12:     layout_layer_cave, evilmike_butchery, uniq_urug
D:13:     layout_cave_pools, hellmonk_vaults_keyhole
D:14:     layout_roguey [special_room_orc], led_sif_pool
D:15:     hangedman_depths_entry_try_elsewhere_first, layout_stronghold,
          nzn_wu_jian_council_hall, uniq_nessos
Lair:1:   layout_chaotic_city, uniq_jeremiah, uniq_joseph
Lair:2:   lemuel_slime, layout_cave_pods, nicolae_swamp_entry_spooky,
          grunt_megastairs_4, serial_bayou_shore_b, serial_bayou_shore_b,
          uniq_gastronok
Lair:3:   layout_chaotic_city, nicolae_spider_entry_tight_spaces,
          serial_bayou_shore_a, grunt_megastairs_3
Lair:4:   layout_concentric_octagons
Lair:5:   guppyfry_lair_end_dragon, layout_cave_shapes,
          hangedman_lair_caniforms_friends, slime_entry_1, uniq_rupert
Swamp:1:  layout_basic_swamp, ebering_ghost_xom, wheals_swamp_sinkhole,
          swamp_pool_5
Spider:1: layout_spider_delve, uniq_roxanne
Orc:1:    layout_diamond_mine, mines1_david
Orc:2:    st_orc_open, layout_diamond_mine

Skill      XL: |  1  2  3  4  5  6  7  8  9 10 11 12 13 14 15 16 |
---------------+-------------------------------------------------+-----
Dodging        | 2 3 4 5 6 7 8 9 10 11 12 13 | 13.2
Fighting       | 4 5 6 7 9 10 11 12 13 14 | 14.5
Axes           | 4 5 6 7 9 10 11 12 13 14 | 14.5
Evocations     | 2 5 7 9 10 12 13 15 16 17 | 17.2
Armour         | 2 4 6 7 9 10 11 | 11.2

Action                     |  1- 3 |  4- 6 |  7- 9 | 10-12 | 13-15 | 16-18 || total
---------------------------+-------+-------+-------+-------+-------+-------++-------
  Melee: Hand axe          |    98 |   110 |   187 |   220 |       |    20 ||   635
         Dagger            |     3 |       |       |       |       |       ||     3
         Whip              |    24 |   123 |     4 |       |       |       ||   151
         War axe           |       |       |   183 |   219 |       |       ||   402
         Broad axe         |       |       |       |   198 |  1429 |   485 ||  2112
  Throw: Stone             |     4 |       |       |       |       |       ||     4
         Dart              |       |       |       |     1 |       |       ||     1
 Invoke: Berserk           |       |     2 |     1 |     2 |     2 |     1 ||     8
         Trog's Hand       |       |       |     1 |     1 |     1 |     1 ||     4
Ability: Invent Gizmo      |       |       |       |       |     1 |       ||     1
  Evoke: Lightning rod     |       |       |       |     4 |       |     4 ||     8
         Wand              |       |       |       |       |     1 |     5 ||     6
         Phial of floods   |       |       |       |       |     1 |       ||     1
         Phantom mirror    |       |       |       |       |     1 |       ||     1
    Use: Scroll            |       |     3 |     7 |    13 |     5 |       ||    28
         Potion            |       |       |       |     3 |       |       ||     3
   Stab: Sleeping          |     1 |       |       |     1 |     1 |     1 ||     4
         Distracted        |       |       |       |       |     1 |       ||     1
 Armour: Animal skin       |    31 |       |       |       |       |       ||    31
         Chain mail        |    18 |   102 |   160 |    19 |       |       ||   299
         Troll leather arm |       |       |       |   366 |   652 |   244 ||  1262
  Dodge: Dodged            |    34 |    44 |    63 |   387 |   806 |   290 ||  1624

Table legend: (Time is in decaauts)
 A = Elapsed time spent in this place.
 B = Non-inter-level travel time spent in this place.
 C = Inter-level travel time spent in this place.
 D = Time resting spent in this place.
 E = Time spent auto-exploring this place.
 F = Levels seen in this place.
 G = Mean time per level.
                   A        B        C        D        E       F      G
               +--------+--------+--------+--------+--------+-----+--------+
         Total |  22004 |  20300 |   1704 |    101 |  15952 |  25 |  880.2 |
       Dungeon |  14475 |  13329 |   1146 |     78 |  10698 |  15 |  965.0 |
          Lair |   5700 |   5312 |    388 |     23 |   4099 |   5 | 1140.0 |
         Swamp |     81 |     81 |      0 |      0 |     19 |   1 |   81.0 |
   Spider Nest |      1 |      1 |      0 |      0 |      0 |   1 |    1.0 |
  Orcish Mines |   1270 |   1103 |    167 |      0 |    837 |   2 |  635.0 |
        Bailey |    474 |    474 |      0 |      0 |    298 |   1 |  474.0 |
               +--------+--------+--------+--------+--------+-----+--------+

Top non-repeatable levels by time:
  Lair:5: 1564 daAuts
  Lair:2: 1481 daAuts
    D:11: 1387 daAuts
     D:6: 1221 daAuts
    D:10: 1124 daAuts
    D:12: 1080 daAuts
     D:1: 1064 daAuts
  Lair:3: 989 daAuts
     D:3: 953 daAuts
    D:14: 927 daAuts
     D:7: 924 daAuts
     D:9: 908 daAuts
     D:8: 907 daAuts
    D:15: 871 daAuts
     D:5: 863 daAuts

Levels and vault maps discovered:
D:1:      roderic_crop_circles_arrival_small, layout_loops_corners,
          minmay_misc_feat_tiny, minmay_misc_feat_enclosed, minmay_door_square
D:2:      layout_rooms, serial_shops, nicolae_shop_overgrown_old_shop,
          uniq_natasha
D:3:      kennysheep_slugbush, layout_loops_ring,
          mainiacjoe_overflow_concentric_impassable, uniq_crazy_yiuf_cottage
D:4:      layout_gridville, mainiacjoe_overflow_24_doors,
          mainiacjoe_overflow_cross_hatched, fountainhead,
          guppyfry_early_lair_pool
D:5:      layout_loops_ring, dancing_weapons_uskayaw,
          nicolae_twisty_statue_hallways
D:6:      corexii_shack_village, layout_basic, grunt_gozag_statues
D:7:      cheibrodos_grave_circle, layout_loops_ring,
          minmay_temple_entry_statues_fountains, enter_bailey_2,
          kennysheep_generic_room_3
D:8:      layout_cave_pods, serial_shops, nicolae_shop_crystal,
          nicolae_shop_hallway_stairs, kennysheep_generic_room_9
D:9:      layout_loops_cross, mainiacjoe_overflow_surrounded_room,
          hangedman_misty_isle, uniq_erica, uniq_maurice
D:10:     minmay_cut_squares, layout_small_grid, nicolae_tso_carved_into_rock,
          kennysheep_mini_moat, dpeg_lair_monsters
D:11:     minmay_tri_box, layout_gridville, ebering_ghost_gozag, uniq_lodul,
          uniq_fannar
D:12:     layout_layer_cave, evilmike_butchery, uniq_urug
D:13:     layout_cave_pools, hellmonk_vaults_keyhole
D:14:     layout_roguey [special_room_orc], led_sif_pool
D:15:     hangedman_depths_entry_try_elsewhere_first, layout_stronghold,
          nzn_wu_jian_council_hall, uniq_nessos
Lair:1:   layout_chaotic_city, uniq_jeremiah, uniq_joseph
Lair:2:   lemuel_slime, layout_cave_pods, nicolae_swamp_entry_spooky,
          grunt_megastairs_4, serial_bayou_shore_b, serial_bayou_shore_b,
          uniq_gastronok
Lair:3:   layout_chaotic_city, nicolae_spider_entry_tight_spaces,
          serial_bayou_shore_a, grunt_megastairs_3
Lair:4:   layout_concentric_octagons
Lair:5:   guppyfry_lair_end_dragon, layout_cave_shapes,
          hangedman_lair_caniforms_friends, slime_entry_1, uniq_rupert
Swamp:1:  layout_basic_swamp, ebering_ghost_xom, wheals_swamp_sinkhole,
          swamp_pool_5
Spider:1: layout_spider_delve, uniq_roxanne
Orc:1:    layout_diamond_mine, mines1_david
Orc:2:    st_orc_open, layout_diamond_mine

Table legend: (Time is in decaauts)
 A = Elapsed time spent in this place.
 B = Non-inter-level travel time spent in this place.
 C = Inter-level travel time spent in this place.
 D = Time resting spent in this place.
 E = Time spent auto-exploring this place.
 F = Levels seen in this place.
 G = Mean time per level.
                   A        B        C        D        E       F      G
               +--------+--------+--------+--------+--------+-----+--------+
         Total |  22004 |  20300 |   1704 |    101 |  15952 |  25 |  880.2 |
       Dungeon |  14475 |  13329 |   1146 |     78 |  10698 |  15 |  965.0 |
          Lair |   5700 |   5312 |    388 |     23 |   4099 |   5 | 1140.0 |
         Swamp |     81 |     81 |      0 |      0 |     19 |   1 |   81.0 |
   Spider Nest |      1 |      1 |      0 |      0 |      0 |   1 |    1.0 |
  Orcish Mines |   1270 |   1103 |    167 |      0 |    837 |   2 |  635.0 |
        Bailey |    474 |    474 |      0 |      0 |    298 |   1 |  474.0 |
               +--------+--------+--------+--------+--------+-----+--------+

Top non-repeatable levels by time:
  Lair:5: 1564 daAuts
  Lair:2: 1481 daAuts
    D:11: 1387 daAuts
     D:6: 1221 daAuts
    D:10: 1124 daAuts
    D:12: 1080 daAuts
     D:1: 1064 daAuts
  Lair:3: 989 daAuts
     D:3: 953 daAuts
    D:14: 927 daAuts
     D:7: 924 daAuts
     D:9: 908 daAuts
     D:8: 907 daAuts
    D:15: 871 daAuts
     D:5: 863 daAuts

Table legend:
 A = Kills in this place as a percentage of kills in the entire game.
 B = Kills by you in this place as a percentage of kills by you in the entire game.
 C = Kills by friends in this place as a percentage of kills by friends in the entire game.
 D = Other kills in this place as a percentage of other kills in the entire game.
 E = Experience gained in this place as a percentage of experience gained in the entire game.
 F = Experience gained in this place divided by the number of levels of this place that you have seen.
                   A       B       C       D       E      F
               +-------+-------+-------+-------+-------+----------------------
         Total | 100.0 | 100.0 |   N/A | 100.0 | 100.0 | 7019.3
       Dungeon |  53.3 |  53.4 |   N/A |   0.0 |  39.6 | 4635.7
          Lair |  30.6 |  30.6 |   N/A |   0.0 |  40.3 | 14154.2
         Swamp |   2.4 |   2.3 |   N/A | 100.0 |   5.5 | 9733.0
  Orcish Mines |  10.8 |  10.8 |   N/A |   0.0 |  12.5 | 10971.0
        Bailey |   2.9 |   2.9 |   N/A |   0.0 |   2.0 | 3501.0
               +-------+-------+-------+-------+-------+----------------------
